 Dungeon Crawl Stone Soup version 0.23-a0-4-g8f018a2 (webtiles) character file.

11 galech the Covered (level 2, -5/27 HPs)
             Began as a Deep Dwarf Fighter on July 31, 2018.
             Killed by nerve-wracking pain
             ... invoked by Jessica
              (12 damage)
             ... on level 2 of the Dungeon.
             The game lasted 00:00:11 (31 turns).

galech the Covered (Deep Dwarf Fighter)               Turns: 31, Time: 00:00:12

Health: -5/27      AC:  6    Str: 19    XL:     2   Next: 13%
Magic:  2/2        EV:  7    Int:  8    God:
Gold:   13         SH:  9    Dex: 12    Spells: 1/1 levels left

rFire    . . .     SeeInvis .   a - +0 war axe
rCold    . . .     Gourm    .   c - +0 shield
rNeg     . . .     Faith    .   b - +0 scale mail
rPois    .         Spirit   .   (no helmet)
rElec    .         Reflect  .   (no cloak)
rCorr    .         Harm     .   (no gloves)
MR       .....                  (no boots)
Stlth    ..........             (no amulet)
HPRegen  0.00/turn              (no ring)
MPRegen  0.08/turn              (no ring)

@: non-regenerating, slowed, very slow
A: damage resistance, heal wounds, sense surroundings 1, no regeneration
a: Heal Wounds


You were on level 2 of the Dungeon.
You were not hungry.

You visited 1 branch of the dungeon, and saw 2 of its levels.

You collected 13 gold pieces.

Inventory:

Hand Weapons
 a - a +0 war axe (weapon)
Armour
 b - a +0 scale mail (worn)
 c - a +0 shield (worn)
Scrolls
 e - a scroll of identify {unknown}
Potions
 d - a potion of might
Comestibles
 f - a ration


   Skills:
 + Level 2.9 Fighting
 + Level 2.3 Axes
 + Level 3.5 Armour
 + Level 3.5 Shields


You had one spell level left.
You didn't know any spells.
Your spell library was empty.

Dungeon Overview and Level Annotations

Branches:
Dungeon (1/15)

Altars:

Annotations:
D:2 Jessica


Innate Abilities, Weirdness & Mutations

You are resistant to damage.
You can heal yourself by infusing magical energy.
You passively map a small area around you.
You do not regenerate.


Message History

You feel as though you will be slow longer.
There is a stone staircase leading up here.
You miss something.
Something hits you but does no damage. x2
You hear some strange, mumbled words.
You feel as though you will be slow longer.
You barely miss something.
You hear some strange, mumbled words.
Found 7 gold pieces.
Found a fuming grey potion.
Something hits you but does no damage.
Your shield and scale mail prevent you from hitting something.
You hear some strange, mumbled words.
Pain shoots through your body! Something hits you.
* * * LOW HITPOINT WARNING * * *
Something hits you but does no damage. Something hits you.
You miss something. Something hits you but does no damage. Something hits you.
* * * LOW HITPOINT WARNING * * *
You hear some strange, mumbled words.
Pain shoots through your body!
You die...

... * ,.$. ,# ...
,.# # #########
#.###$#.# .........
...(>....
?#.#.#..#*#......##
,
........###......[!
.#.#.#....#......#
,
,........#{@......#
.#.#.#...<.....%...
, *
.................##
.#.#.#..#........#
*
.............#?#.#
*
#..#.########......
, ....., ,,,
,......* , * ## * *
..... ... ,,


There were no monsters in sight!

Vanquished Creatures
  An adder (D:2)
  A leopard gecko (D:2)
2 creatures vanquished.

Notes
Turn   | Place    | Note
-------+----------+-------------------------------------------
     0 | D:1      | galech the Deep Dwarf Fighter began the quest for the Orb.
     0 | D:1      | Reached XP level 1. HP: 20/20 MP: 1/1
    12 | D:1      | You fall through a shaft!
    12 | D:2      | Noticed Jessica
    20 | D:2      | Reached XP level 2. HP: 22/27 MP: 2/2
    31 | D:2      | Killed from afar by Jessica

Vault maps used:
D:1:      dpeg_arrival_orchard
D:2:      serial_glass, glass_columns_a, glass_columns_c, uniq_jessica,
          uniq_terence

Action                   || total
-------------------------++-------
Melee: War axe           ||     9
Armor: Scale mail        ||    12
Dodge: Dodged            ||     2
Block: Shield            ||     5

Table legend:
 A = Spawn XP
 B = Non-spawn XP
 C = Spawn XP percentage of total XP
 D = Spawn monster count
 E = Non-spawn monster count
 F = Spawn count percentage of total count
 G = Total turns spent on level
                    A         B        C        D         E        F      G
               +---------+---------+-------+---------+---------+-------+---------
         Total |       0 |      16 |   0.0 |       0 |       2 |   0.0 |    31
               +---------+---------+-------+---------+---------+-------+---------
           D:2 |       0 |      16 |   0.0 |       0 |       2 |   0.0 |    19
               +---------+---------+-------+---------+---------+-------+---------
